Map: Taito Citadel LE

Players

Krystianer - Winner!

  • Race: Protoss Protoss
  • League: Grandmaster
  • Spawn Location: 11:00

Harstem

  • Race: Protoss Protoss
  • League: Grandmaster
  • Spawn Location: 5:00

VOD

Have the link to the VOD?

Description

Time

  • Played on: Jan. 31, 2026, 7:19 a.m.
  • Length: 7:59
Show
View Real Time Build Order
Export as new Build Order

Krystianer Protoss - Winner!

Build Orders:  

Get SALT Encoding   

  12  0:00  Probe  
  13  0:12  Probe  
  14  0:17  Pylon  
  14  0:23  Probe  
  15  0:31  Probe  
  16  0:36  Gateway  
  16  0:39  Probe  
  16  0:45  Assimilator  
  17  0:50  Probe  
  17  0:53  Assimilator  
  18  0:59  Probe  
  19  1:07  Gateway, Probe  
  19  1:17  Probe  
  20  1:23  Cybernetics Core  
  21  1:29  Probe  
  21  1:32  Pylon  
  22  1:41  Probe  
  23  1:52  Warp Gate  
  23  1:53  Probe  
  24  1:57  Stalker  
  24  1:59  Sentry  
  28  2:05  Probe  
  29  2:11  Pylon  
  29  2:17  Probe  
  30  2:26  Stalker  
  30  2:29  Sentry  
  34  2:44  Nexus  
  34  2:49  Probe  
  35  2:53  Sentry  
  35  2:55  Stalker  
  39  3:08  Pylon  
  39  3:14  Twilight Council  
  39  3:26  Probe  
  40  3:38  Probe  
  40  3:40  Stalker x2  
  45  3:50  Probe  
  45  3:53  Probe  
  46  4:01  Probe  
  46  4:02  Probe  
  49  4:11  Stalker x2  
  47  4:18  Probe x2  
  47  4:22  Blink  
  47  4:30  Probe x2  
  49  4:41  Adept x2  
  49  4:42  Probe  
  49  4:43  Probe  
  51  4:54  Probe  
  51  4:55  Probe  
  51  4:56  Pylon  
  51  4:59  Gateway  
  53  5:01  Robotics Facility  
  53  5:06  Probe  
  52  5:08  Probe  
  53  5:16  Stalker  
  53  5:17  Stalker  
  53  5:18  Probe  
  53  5:20  Probe  
  53  5:21  Pylon  
  54  5:28  Pylon  
  54  5:29  Cybernetics Core  
  54  5:31  Probe  
  54  5:32  Probe  
  53  5:42  Observer  
  51  5:43  Probe  
  51  5:44  Probe  
  52  5:55  Probe  
  50  6:02  Probe  
  45  6:11  Probe  
  45  6:14  Probe  
  45  6:23  Probe  
  46  6:26  Probe  
  46  6:29  Assimilator  
  46  6:32  Adept x2  
  51  6:34  Stalker  
  51  6:35  Probe  
  51  6:38  Probe  
  51  6:39  Nexus  
  55  6:40  Pylon  
  55  6:42  Gateway  
  55  6:47  Probe  
  55  6:50  Probe  
  57  6:55  Gateway  
  57  6:56  Observer  
  57  7:00  Probe  
  58  7:02  Probe  
  58  7:05  Stalker x3  
  63  7:12  Probe  
  63  7:14  Probe  
  63  7:15  Gateway  
  63  7:24  Probe  
  63  7:26  Probe  
  63  7:29  Stalker x2  
  69  7:32  Stalker  
  69  7:36  Probe  
  72  7:39  Probe  
  74  7:45  Forge  
Show
View Real Time Build Order
Export as new Build Order

Harstem Protoss 

Build Orders: Phoenix Opening, Dark Templar Rush 

Get SALT Encoding   

  12  0:00  Probe  
  13  0:12  Probe  
  14  0:16  Pylon  
  14  0:24  Probe  
  15  0:32  Probe  
  15  0:37  Gateway  
  15  0:40  Probe  
  16  0:46  Assimilator  
  17  0:51  Probe  
  17  0:54  Assimilator  
  18  0:59  Probe  
  19  1:07  Probe, Gateway  
  20  1:17  Probe  
  20  1:24  Cybernetics Core  
  21  1:29  Probe  
  22  1:35  Pylon  
  22  1:41  Probe  
  23  1:53  Probe  
  24  2:01  Sentry, Warp Gate  
  26  2:05  Pylon  
  26  2:06  Stalker, Probe  
  29  2:21  Stalker  
  29  2:22  Phoenix  
  29  2:28  Probe  
  32  2:30  Pylon  
  31  2:41  Sentry  
  33  2:46  Nexus  
  33  2:49  Probe  
  34  3:01  Twilight Council  
  34  3:02  Probe  
  35  3:08  Phoenix  
  35  3:11  Pylon  
  35  3:14  Probe  
  36  3:26  Probe  
  37  3:34  Stalker x2  
  37  3:38  Dark Shrine  
  37  3:39  Probe  
  38  3:48  Nexus  
  38  3:51  Probe  
  39  3:58  Stalker  
  39  4:01  Sentry  
  39  4:02  Probe  
  44  4:06  Probe  
  45  4:14  Probe  
  42  4:18  Probe  
  42  4:23  Stalker  
  42  4:26  Probe  
  42  4:30  Probe, Pylon  
  43  4:35  Stalker  
  43  4:41  Probe  
  43  4:42  Probe  
  43  4:52  Dark Templar  
  41  4:55  Probe  
  41  4:58  Stalker  
  44  5:02  Probe  
  44  5:07  Probe  
  41  5:14  Probe  
  41  5:20  Probe  
  41  5:22  Dark Templar  
  41  5:26  Probe  
  41  5:28  Stalker  
  43  5:35  Probe  
  41  5:47  Probe  
  39  5:51  Stalker  
  39  5:54  Dark Templar  
  40  5:57  Probe  
  40  6:03  Probe  
  41  6:05  Probe  
  41  6:10  Probe  
  43  6:15  Probe  
  43  6:17  Probe, Phoenix  
  43  6:21  Probe  
  42  6:25  Probe  
  42  6:26  Stalker  
  42  6:29  Probe  
  42  6:31  Probe  
  46  6:34  Probe, Sentry  
  46  6:37  Probe  
  50  6:43  Probe  
  53  6:48  Probe  
  53  6:50  Gateway  
  53  6:53  Gateway  
  53  6:56  Probe  
  51  7:03  Stalker  
  51  7:04  Probe  
  51  7:05  Probe, Shield Battery  
  51  7:07  Probe  
  51  7:12  Probe  
  51  7:13  Probe  
  51  7:15  Probe  
  52  7:21  Probe  
  52  7:22  Probe  
  55  7:25  Stalker, Probe  
  55  7:26  Assimilator  
  58  7:30  Stalker  
  58  7:33  Probe  
  61  7:38  Gateway  
  61  7:39  Probe  
  61  7:41  Probe  
  61  7:42  Pylon  
  63  7:45  Probe  
  63  7:47  Stalker  
  67  7:53  Stalker  
Tags
 
Add a new tag
Caveats
  • Supply blocks, unpowered buildings, or Contaminate may cause inaccurate times.
  • Supply counts are checked every 10 seconds.